Map: Ruins of Endion

Players

jumanjii

  • Race: Protoss Protoss
  • League: Master

Miszu - Winner!

  • Race: Terran Terran
  • League: Grandmaster

VOD

Have the link to the VOD?

Description

Time

  • Played on: May 17, 2016, 11:06 a.m.
  • Length: 7:40
Show
View Real Time Build Order
Export as new Build Order

jumanjii Protoss 

Build Orders: 1 Gate Expand, Mass Adepts 

Get SALT Encoding   

  12  0:01  Probe (Chrono Boost)  
  13  0:11  Probe (Chrono Boost)  
  14  0:18  Pylon  
  14  0:22  Probe (Chrono Boost)  
  15  0:36  Gateway, Probe (Chrono Boost)  
  16  0:46  Probe (Chrono Boost)  
  17  0:57  Probe (Chrono Boost)  
  18  1:08  Probe (Chrono Boost)  
  19  1:14  Nexus  
  19  1:19  Assimilator  
  19  1:28  Cybernetics Core  
  19  1:30  Probe (Chrono Boost)  
  20  1:35  Assimilator  
  20  1:41  Probe (Chrono Boost)  
  21  1:51  Probe (Chrono Boost)  
  22  1:55  Pylon  
  22  2:02  Probe (Chrono Boost)  
  23  2:12  Warp Gate (Chrono Boost)  
  23  2:13  Adept (Chrono Boost), Probe (Chrono Boost)  
  26  2:24  Twilight Council  
  26  2:25  Probe x2 (Chrono Boost)  
  30  2:37  Probe (Chrono Boost)  
  30  2:39  Probe (Chrono Boost)  
  32  2:48  Probe (Chrono Boost)  
  32  2:49  Probe (Chrono Boost)  
  32  2:50  Resonating Glaives (Chrono Boost)  
  32  2:54  Robotics Facility  
  32  2:58  Probe x2 (Chrono Boost)  
  34  3:09  Probe  
  34  3:10  Probe  
  36  3:21  Probe  
  36  3:22  Probe  
  36  3:26  Gateway  
  38  3:28  Gateway  
  38  3:29  Gateway  
  38  3:33  Probe  
  39  3:34  Probe  
  40  3:41  Warp Prism (Chrono Boost)  
  40  3:45  Probe  
  43  3:50  Gateway  
  43  3:52  Gateway  
  43  3:56  Mothership Core  
  43  4:02  Gateway  
  45  4:06  Pylon  
  45  4:09  Pylon  
  45  4:12  Pylon  
  45  4:24  Adept x2  
  45  4:25  Adept  
  45  4:30  Warp Prism (Chrono Boost)  
  53  4:51  Adept x6  
  63  5:11  Adept x4  
  45  5:27  Adept x2  
  45  5:28  Adept x5  
  57  5:33  Warp Prism (Chrono Boost)  
  49  5:52  Adept x7  
  59  6:08  Observer (Chrono Boost)  
  58  6:23  Adept x6  
  70  6:31  Pylon  
  70  6:32  Pylon  
  64  6:33  Pylon  
  64  6:34  Pylon  
  62  6:40  Adept  
  62  6:43  Adept x3  
  70  6:50  Adept x2  
  70  6:51  Adept  
  62  7:02  Adept x2  
  62  7:03  Adept x5  
  54  7:22  Adept x2  
  52  7:23  Adept x2  
  52  7:26  Adept x3  
Show
View Real Time Build Order
Export as new Build Order

Miszu Terran - Winner!

Build Orders: MMM Bio 

Get SALT Encoding   

  12  0:00  SCV  
  13  0:12  SCV  
  14  0:17  Supply Depot  
  14  0:25  SCV  
  15  0:39  Barracks, SCV  
  16  0:51  SCV  
  17  1:03  SCV  
  18  1:14  Command Center  
  18  1:17  SCV  
  19  1:27  Marine  
  19  1:30  Orbital Command  
  20  1:41  Barracks  
  20  1:51  Barracks  
  20  1:53  Marine  
  21  1:57  SCV  
  22  2:11  Refinery, Marine  
  22  2:12  Refinery  
  23  2:25  SCV  
  23  2:27  Orbital Command  
  23  2:28  Marine  
  25  2:35  Marine  
  26  2:37  Marine, SCV  
  28  2:47  Barracks Tech Lab  
  28  2:49  SCV  
  29  2:52  Marine, SCV  
  29  2:55  Marine  
  32  3:02  Supply Depot, SCV  
  32  3:04  SCV  
  32  3:05  Stimpack  
  34  3:07  Marine  
  35  3:14  Marine, SCV  
  35  3:18  Marine  
  38  3:23  SCV  
  38  3:26  Marine  
  40  3:27  Supply Depot  
  40  3:29  Factory  
  40  3:30  SCV  
  41  3:35  SCV  
  41  3:38  Refinery  
  41  3:41  Engineering Bay  
  42  3:44  SCV  
  42  3:46  Marine  
  42  3:48  SCV  
  45  3:49  Marine  
  45  3:54  Supply Depot  
  46  3:56  SCV  
  46  4:00  SCV  
  48  4:04  Marauder  
  48  4:09  SCV  
  51  4:11  Terran Infantry Weapons Level 1  
  51  4:13  Missile Turret  
  51  4:16  SCV  
  52  4:20  Starport  
  52  4:21  Factory Reactor  
  52  4:27  Barracks Reactor, Barracks Tech Lab  
  52  4:30  Missile Turret  
  52  4:31  SCV  
  53  4:33  SCV  
  54  4:40  Supply Depot  
  54  4:43  SCV  
  54  4:44  Marauder  
  57  4:45  SCV  
  57  4:48  Marauder  
  60  4:55  SCV  
  61  5:05  Widow Mine x2  
  61  5:06  Medivac, Marauder  
  52  5:23  SCV x2  
  53  5:35  Marine, SCV  
  51  5:36  Marauder, SCV  
  51  5:44  Marine  
  51  5:45  Marine  
  49  5:53  Marine  
  49  5:56  SCV  
  52  5:57  Marauder, SCV  
  52  6:00  Factory Reactor  
  52  6:01  Medivac x2  
  52  6:03  Marauder  
  59  6:05  Combat Shields  
  59  6:08  SCV, Concussive Shells  
  59  6:09  SCV  
  61  6:13  Marine  
  62  6:26  Marine  
  62  6:44  Widow Mine x2  
  62  6:45  Supply Depot, Marauder x2  
  70  6:47  Supply Depot  
  70  6:56  SCV  
  70  6:59  Marine  
  70  7:00  Marine  
  70  7:01  Medivac, SCV  
  69  7:06  Marine  
  60  7:12  Marauder  
  58  7:17  Marine  
  58  7:18  Marine  
Tags
 
Add a new tag
Caveats
  • Supply blocks, unpowered buildings, or Contaminate may cause inaccurate times.
  • Supply counts are checked every 10 seconds.